 Dungeon Crawl Stone Soup version 0.27-a0-1612-gde56a17b89 (webtiles) character file.

Game seed: 7982802187017716908

90 hatdisgam the Skirmisher (level 4, -1/49 HPs)
             Began as an Ogre Berserker on July 21, 2021.
             Was a Believer of Trog.
             Slain by Grinder (2 damage)
             ... while paralysed by Grinder
             ... on level 3 of the Dungeon.
             The game lasted 00:02:48 (2975 turns).

hatdisgam the Skirmisher (Ogre Berserker)           Turns: 2975, Time: 00:02:49

Health: -1/49      AC:  3    Str: 22    XL:     4   Next: 56%
Magic:  4/4        EV:  1    Int:  8    God:    Trog [**....]
Gold:   89         SH:  0    Dex:  8    Spells: 3/3 levels left

rFire    . . .     SeeInvis .   a - +0 mace
rCold    + . .     Faith    .   (no shield)
rNeg     . . .     Spirit   .   b - +0 animal skin
rPois    .         Reflect  +   (helmet restricted)
rElec    .         Harm     .   (no cloak)
rCorr    .         Rampage  .   (gloves unavailable)
Will     .....                  (boots unavailable)
Stlth    +.........             h - amulet of reflection
HPRegen  0.16/turn              f - ring of protection from cold
MPRegen  0.09/turn              (no ring)

@: paralysed
A: large, unfitting armour, tough skin 1
a: Renounce Religion, Berserk, Trog's Hand


You were on level 3 of the Dungeon.
You worshipped Trog.
Trog was pleased with you.
You visited 1 branch of the dungeon, and saw 3 of its levels.

You collected 89 gold pieces.

Inventory:

Hand Weapons
 a - a +0 mace (weapon)
Armour
 b - a +0 animal skin (worn)
Jewellery
 f - a ring of protection from cold (left hand)
 h - an amulet of reflection (around neck)
Scrolls
 c - a scroll of summoning {unknown}
 d - 2 scrolls of identify {unknown}
 e - a scroll of fog {unknown}
 g - a scroll of blinking {unknown}


   Skills:
 + Level 4.8 Fighting
 * Level 3.8 Maces & Flails
 + Level 3.3 Dodging


You had 3 spell levels left.
You didn't know any spells.
Your spell library was empty.

Dungeon Overview and Level Annotations

Branches:
Dungeon (3/15)

Altars:
Ru
Wu Jian

Shops:
D:2 =

Annotations:
D:3 Grinder


Innate Abilities, Weirdness & Mutations

You are too large for most types of armour.
You have tough skin. (AC +1)


Message History

You sock the goblin!
You kill the goblin!
Trog accepts your kill. Grinder gestures at you.
You suddenly lose the ability to move!
Grinder says, "What is the universe for?"
Grinder gestures at you. Pain shoots through your body!
You can move again.
Your skin crawls.
You feel strong-willed.
You hit Grinder but do no damage.
You feel the effects of Trog's Hand fading.
Grinder gestures at you. Pain shoots through your body!
You are too injured to fight recklessly!
You are too injured to fight recklessly!
You are too injured to fight recklessly!
Unknown command.
You barely miss Grinder. Grinder hits you.
You writhe in agony.
You closely miss Grinder. Grinder gestures at you.
You resist with almost no effort.
You barely miss Grinder. Grinder barely misses you. Grinder closely misses you.
You closely miss Grinder.
Your skin stops crawling.
You feel less strong-willed. Grinder gestures at you.
You suddenly lose the ability to move!
Grinder hits you but does no damage. Grinder hits you.
You writhe in agony.
Grinder hits you.
* * * LOW HITPOINT WARNING * * *
Grinder hits you.
* * * LOW HITPOINT WARNING * * *
Grinder gestures at you.
You shrug off the repeated paralysis!
Grinder hits you!
* * * LOW HITPOINT WARNING * * *
You writhe in agony.
You die...

....#......##.######.............
#...#######.# #.............
#...# #.# ####.....#'###.## #<..#
#.. ........##.# #.#
####..#############......#.# #.#
..........#...#.8.#.....†#.# #.#
..........# .....##+###†#.#
..........# #5).##.###.#.#
..........# ##@###.......#
....).....#...#...#......###
###.......#._.#8(.'......#
#.....###...#...#......#
###.....###########......#
..'......................#
###.....###....####......#
#...#...... #......# #...#..##..
#......#


You could see Grinder.

Vanquished Creatures
  An orc wizard (D:3)
  A worm (D:2)
  A dart slug (D:1)
  A ball python (D:3)
  7 endoplasms
  3 giant cockroaches (D:3)
  7 goblins
  5 hobgoblins
  8 jackals
  2 quokkas
  4 bats
  2 frilled lizards
  7 kobolds
  3 rats
52 creatures vanquished.

Vanquished Creatures (others)
  A kobold (D:3)
1 creature vanquished.

Grand Total: 53 creatures vanquished

Notes
Turn   | Place    | Note
-------+----------+-------------------------------------------
     0 | D:1      | hatdisgam the Ogre Berserker began the quest for the Orb.
     0 | D:1      | Reached XP level 1. HP: 24/24 MP: 1/1
   269 | D:1      | Reached XP level 2. HP: 32/32 MP: 2/2
  1314 | D:2      | Reached XP level 3. HP: 39/40 MP: 3/3
  1423 | D:2      | Reached ** piety under Trog
  1425 | D:2      | Found a faded altar of an unknown god.
  1443 | D:2      | Found Gianais's Jewellery Emporium.
  2814 | D:3      | Reached XP level 4. HP: 44/49 MP: 4/4
  2854 | D:3      | Found a sacrificial altar of Ru.
  2954 | D:3      | Found an ornate altar of the Wu Jian Council.
  2956 | D:3      | Noticed Grinder
  2960 | D:3      | Paralysed by Grinder for 4 turns
  2969 | D:3      | Paralysed by Grinder for 7 turns
  2975 | D:3      | HP: 1/49 [Grinder (9)]
  2975 | D:3      | Slain by Grinder

Illustrated notes

Levels and vault maps discovered:
D:1:      minmay_arrival_jagged, layout_loops_corners
D:2:      layout_loops_corners, basic_ecumenical_altar, serial_shops,
          nicolae_shop_statue_plus, roderic_serpentine_path
D:3:      layout_basic, nicolae_wu_jian_immortal_techniques,
          mainiacjoe_overflow_catwalk, nicolae_ru_great_annihilating_truth,
          serial_glass, glass_columns_b, glass_columns_c, uniq_grinder

Skill      XL: |  1  2 |
---------------+-------+-----
Maces & Flails | 3 |  3.8
Dodging        | 3 |  3.3
Fighting       | |  4.8

Action                   |  1- 3 |  4- 6 || total
-------------------------+-------+-------++-------
Melee: Mace              |   126 |    36 ||   162
Invok: Trog's Hand       |       |     1 ||     1
 Stab: Sleeping          |     1 |       ||     1
       Invisible         |       |     1 ||     1
       Paralysed         |       |     1 ||     1
Armor: Animal skin       |    40 |    12 ||    52
Dodge: Dodged            |    63 |    19 ||    82
Block: Other             |     4 |     7 ||    11
       Reflection        |     1 |       ||     1

Table legend: (Time is in decaauts)
 A = Elapsed time spent in this place.
 B = Non-inter-level travel time spent in this place.
 C = Inter-level travel time spent in this place.
 D = Time resting spent in this place.
 E = Time spent auto-exploring this place.
 F = Levels seen in this place.
 G = Mean time per level.
                   A        B        C        D        E       F      G
               +--------+--------+--------+--------+--------+-----+--------+
         Total |   3011 |   2925 |     86 |    163 |   2337 |   3 | 1003.7 |
       Dungeon |   3011 |   2925 |     86 |    163 |   2337 |   3 | 1003.7 |
               +--------+--------+--------+--------+--------+-----+--------+

Top non-repeatable levels by time:
     D:2: 1327 daAuts
     D:1: 1147 daAuts
     D:3: 536 daAuts
